 Dungeon Crawl Stone Soup version 0.29-a0-993-g4a18f31a58 (webtiles) character file.

Game seed: 1315056099440682003

28 quinnr the Gusty (level 3, -4/19 HPs)
             Began as a Tengu Air Elementalist on Aug 3, 2022.
             Slain by Natasha (5 damage)
             ... on level 2 of the Dungeon.
             The game lasted 00:03:16 (1498 turns).

quinnr the Gusty (Tengu Air Elementalist)           Turns: 1498, Time: 00:03:17

Health: -4/19      AC:  2    Str:  8    XL:     3   Next: 14%
Magic:  5/7        EV: 12    Int: 17    God:
Gold:   96         SH:  0    Dex: 14    Spells: 5/6 levels left

rFire   + . .      SeeInvis .   (no weapon)
rCold   . . .      Faith    .   f - orb {light}
rNeg    . . .      Spirit   .   a - +0 robe
rPois   .          Reflect  .   (helmet restricted)
rElec   .          Harm     .   (no cloak)
rCorr   .          Rampage  .   (no gloves)
Will    .....                   (boots unavailable)
Stlth   +.........              (no amulet)
HPRegen 0.06/turn               d - ring of protection from fire
MPRegen 0.10/turn               (no ring)

@: flying, hasted, glowing, very quick
A: beak, talons 3
a: no special abilities


You were on level 2 of the Dungeon.
You visited 1 branch of the dungeon, and saw 2 of its levels.

You collected 96 gold pieces.

Inventory:

Armour
 a - a +0 robe (worn)
 f - an orb of light (worn)
Jewellery
 d - a ring of protection from fire (left hand)
 g - a ring of fire
Scrolls
 c - a scroll of enchant weapon
 j - a scroll of amnesia
Potions
 b - a potion of magic


   Skills:
 - Level 2.1 Dodging
 - Level 2.0 Stealth
 - Level 2.0 Spellcasting
 + Level 1.6 Conjurations
 + Level 5.5 Air Magic


You had 5 spell levels left.
You knew the following spells:

 Your Spells              Type           Power      Damage    Failure   Level
a - Shock                 Conj/Air       52%        1d6       4%          1

Your spell library contained the following spells:

 Spells                   Type           Power      Damage    Failure   Level
 Swiftness                Air            20%        N/A       6%          3
 Static Discharge         Conj/Air       13%        3-5/arc   7%          2
 Magic Dart               Conj           28%        1d4       10%         1
 Airstrike                Air            10%        2d(2-18)  21%         4
 Mephitic Cloud           Conj/Pois/Air  9%         N/A       22%         3
 Call Imp                 Summ           1%         N/A       28%         2
 Stone Arrow              Conj/Erth      8%         3d7       38%         3
 Animate Armour           Summ/Erth      2%         N/A       88%         4
 Lehudib's Crystal Spear  Conj/Erth      2%         10d2      100%        8


Dungeon Overview and Level Annotations

Branches:
Dungeon (2/15)

Altars:
Fedhas

Annotations:
D:2 Natasha


Innate Abilities, Weirdness & Mutations

You have a beak for a mouth.
You have claws for feet.


Message History

As you read the scroll labelled OCSUPI KIKHLI, it crumbles to dust.
It is a scroll of enchant weapon.
You aren't carrying any weapons that can be enchanted.
Natasha claws you!
A hobgoblin comes into view.
Unknown command.
It was a potion of curing.
You feel better.
The hobgoblin shouts!
Natasha mewls in sadness.
Natasha claws you! Natasha barely misses you.
You feel yourself speed up.
Natasha stares at you and mumbles some strange words.
The magic dart hits you.
* * * LOW HITPOINT WARNING * * *
Unknown command.
It was a potion of flight.
You feel very buoyant.
You fly up into the air.
Natasha growls.
Natasha claws you.
* * * LOW HITPOINT WARNING * * *
You feel better. Natasha completely misses you.
Casting: Shock (safe; 4% risk of failure)
Confirm with . or Enter, or press ? or * to list all spells.
Okay, then.
Casting: Shock (safe; 4% risk of failure)
Confirm with . or Enter, or press ? or * to list all spells.
Aiming: Shock (safe; 4% risk of failure)
Press: ? - help, Shift-Dir - straight line The zap misses Natasha.
Natasha casts a spell at you. The magic dart hits you!
* * * LOW HITPOINT WARNING * * *
Unknown command.
Casting: Shock (safe; 4% risk of failure)
Confirm with . or Enter, or press ? or * to list all spells.
Aiming: Shock (safe; 4% risk of failure)
Press: ? - help, Shift-Dir - straight line The zap misses Natasha.
Natasha claws you.
You die...

#.###...###..
#...........+ ..
#....._.....#....
...........+....
###...###.#...r
#G#..g#G#...?
...###...###..#
g........^...####
....##..@h......#
# #.###......# #.
#......# ..
#......# ###
##.)#### ##.#
#.## #..# .# ##.#
.# #


You could see an eye of devastation, Natasha (fast) and a hobgoblin.

Vanquished Creatures
  A dart slug (D:1)
  3 endoplasms
  A giant cockroach (D:1)
  2 hobgoblins (D:1)
  5 kobolds
  3 quokkas (D:1)
  3 ball pythons
  3 bats (D:1)
  A frilled lizard (D:1)
  2 rats (D:1)
24 creatures vanquished.

Notes
Turn   | Place    | Note
-------+----------+-------------------------------------------
     0 | D:1      | quinnr the Tengu Air Elementalist began the quest for the
                  | Orb.
     0 | D:1      | Reached XP level 1. HP: 10/10 MP: 4/4
   253 | D:1      | Reached XP level 2. HP: 9/15 MP: 0/6
   488 | D:1      | Reached skill level 5 in Air Magic
  1224 | D:1      | Reached XP level 3. HP: 19/19 MP: 5/7
  1377 | D:2      | Found a blossoming altar of Fedhas.
  1485 | D:2      | Noticed an eye of devastation
  1486 | D:2      | Noticed Natasha
  1489 | D:2      | Found a faded altar of an unknown god.
  1489 | D:2      | Noticed a great orb of eyes
  1497 | D:2      | HP: 1/19 [Natasha/magic dart (9)]
  1498 | D:2      | Slain by Natasha

Illustrated notes

Levels and vault maps discovered:
D:1:      roderic_dead_forest, layout_loops_ring, serial_forest,
          infiniplex_forest_lined_2, infiniplex_forest_straight_4,
          infiniplex_forest_zigzag_1, infiniplex_forest_clump_curved,
          infiniplex_forest_straight_5, infiniplex_forest_zigzag_1,
          infiniplex_forest_lined_4_way
D:2:      layout_basic, hellmonk_ecumenical_altar_watching_god, basic_altar,
          uniq_robin, uniq_natasha

Skill      XL: |  1  2 |
---------------+-------+-----
Air Magic      | 5 |  5.5
Dodging        | |  2.1
Stealth        | |  2.0
Spellcasting   | |  2.0
Conjurations   | |  1.6

Action                   || total
-------------------------++-------
Melee: Unarmed           ||     1
 Cast: Shock             ||    52
  Use: Potion            ||     4
       Scroll            ||     2
Armor: Robe              ||     6
Dodge: Dodged            ||     5

Table legend: (Time is in decaauts)
 A = Elapsed time spent in this place.
 B = Non-inter-level travel time spent in this place.
 C = Inter-level travel time spent in this place.
 D = Time resting spent in this place.
 E = Time spent auto-exploring this place.
 F = Levels seen in this place.
 G = Mean time per level.
                   A        B        C        D        E       F      G
               +--------+--------+--------+--------+--------+-----+--------+
         Total |   1496 |   1465 |     31 |     96 |   1202 |   2 |  748.0 |
       Dungeon |   1496 |   1465 |     31 |     96 |   1202 |   2 |  748.0 |
               +--------+--------+--------+--------+--------+-----+--------+

Top non-repeatable levels by time:
     D:1: 1376 daAuts
     D:2: 119 daAuts
